 Dungeon Crawl Stone Soup version 0.31-a0-1547-g618ab1f346 (webtiles) character file.

Game seed: 16369419117857528463

5406 Flugslaktarn the Fighter (level 10, -7/97 HPs)
             Began as a Minotaur Fighter on Jan 2, 2024.
             Was a Priest of Cheibriados.
             Mangled by a boulder beetle (14 damage)
             ... on level 9 of the Dungeon.
             The game lasted 00:04:33 (6994 turns).

Flugslaktarn the Fighter (Minotaur Fighter)         Turns: 6994, Time: 00:04:34

Health: -7/97      AC: 22    Str: 32    XL:     10   Next: 40%
Magic:  13/13      EV:  9    Int: 12    God:    Cheibriados [***...]
Gold:   1095       SH:  5    Dex: 17    Spells: 9/9 levels left

rFire   . . .        a - +0 war axe
rCold   + . .        w - +0 buckler
rNeg    . . .        f - +1 plate armour
rPois   .            (helmet restricted)
rElec   .            A - +0 cloak
rCorr   .            (no gloves)
SInv    .            (no boots)
Will    +....        (no amulet) Stlth
                     p - +4 ring of protection
HPRegen 0.36/turn    m - ring of willpower
MPRegen 0.13/turn

%: random rage (3%)
@: studying Fighting, very slow
A: horns 2, retaliatory headbutt, iridescent scales 1, berserk 1, cold
resistance 1, teleportitis 1
a: Renounce Religion, Bend Time, Temporal Distortion


You were on level 9 of the Dungeon.
You worshipped Cheibriados.
Cheibriados was most pleased with you.
You visited 2 branches of the dungeon, and saw 10 of its levels.
You also visited: Bailey.

You collected 1177 gold pieces.
You spent 82 gold pieces at shops.

Inventory:

Hand Weapons
 a - a +0 war axe (weapon)
Armour
 b - a +0 scale mail
 f - a +1 plate armour (worn)
   (You found it on level 1 of the Dungeon)
 w - a +0 buckler (worn)
 A - a +0 cloak (worn)
   (You took it off Crazy Yiuf on level 7 of the Dungeon)
Jewellery
 c - a ring of protection from cold
   (You found it on level 4 of the Dungeon)
 j - an amulet of guardian spirit
   (You found it on level 6 of the Dungeon)
 k - a +6 ring of dexterity
   (You found it on level 7 of the Dungeon)
 m - a ring of willpower (right hand)
   (You found it on level 3 of the Dungeon)
 p - a +4 ring of protection (left hand)
   (You found it on level 1 of the Dungeon)
 s - a ring of magical power
   (You found it on level 8 of the Dungeon)
Wands
 u - a wand of charming (13)
   (You found it on level 4 of the Dungeon)
 y - a wand of roots (8)
   (You found it on level 4 of the Dungeon)
Scrolls
 g - 2 scrolls of enchant armour
 i - 2 scrolls of enchant weapon
 l - a scroll of summoning
 o - a scroll of fog
 q - a scroll of brand weapon
 r - a scroll of identify
 t - a scroll of teleportation
 v - 3 scrolls of silence
 x - a scroll of blinking {unknown}
Potions
 d - 2 potions of might
 e - 2 potions of curing {unknown}
 h - 2 potions of lignification
 n - a potion of resistance
 z - a potion of degeneration {unknown}


   Skills:
 * Level 11.7 Fighting
 * Level 11.1 Axes
 + Level 8.4 Armour
 + Level 1.9 Dodging
 - Level 3.6 Shields
 + Level 5.6 Invocations


You had 9 spell levels left.
You didn't know any spells.
Your spell library contained the following spells:

 Spells                   Type           Power      Damage    Failure   Level
 Magic Dart               Conj           0%         1d3       95%         1
 Sandblast                Erth           0%         2d4       95%         1
 Searing Ray              Conj           0%         2d4       99%         2
 Frozen Ramparts          Ice            0%         1d1       100%        3
 Inner Flame              Hex/Fire       0%         N/A       100%        3
 Passwall                 Erth           0%         N/A       100%        3
 Stone Arrow              Conj/Erth      0%         3d7       100%        3
 Summon Ice Beast         Ice/Summ       0%         N/A       100%        3
 Brom's Barrelling Bould  Conj/Erth      0%         2d3       100%        4
 Flame Wave               Conj/Fire      0%         2d4       100%        4
 Fulminant Prism          Conj/Alch      0%         3d5       100%        4
 Leda's Liquefaction      Alch/Erth      0%         N/A       100%        4
 Petrify                  Alch/Erth      0%         N/A       100%        4
 Sticky Flame             Fire/Alch      0%         2d4       100%        4
 Metabolic Englaciation   Hex/Ice        0%         N/A       100%        5
 Summon Mana Viper        Hex/Summ       0%         N/A       100%        5
 Monstrous Menagerie      Summ           0%         N/A       100%        7


Dungeon Overview and Level Annotations

Branches:
Dungeon (9/15)             Temple (1/1) D:4          Bailey (visited)
   Lair: D:8-11         Orc: D:9-12

Altars:
Ashenzari
Cheibriados
Dithmenos
Elyvilon
Fedhas
Gozag
Hepliaklqana
Makhleb
Nemelex Xobeh
Okawaru
Qazlal
Trog
Uskayaw
Vehumet
Wu Jian
Xom
Yredelemnul
Zin
The Shining One

Shops:
D:3 [::=(   D:6 ?

Annotations:
D:3 4 transporters
D:8 Jeremiah
D:9 1 runed translucent door, Darold's ghost, journeyman TrAl


Innate Abilities, Weirdness & Mutations

You have a pair of horns on your head.
You reflexively headbutt those who attack you in melee.
You are partially covered in iridescent scales. (AC +2)
You sometimes lose your temper in combat.
Your flesh is cold resistant. (rC+)
You are occasionally teleported next to monsters.


Message History

Cheibriados appreciates the change of pace.
You hit the plant.
The plant begins to die.
No target in view!
Why would you want to do that?
No target in view!
Okay, then.
A nearby plant withers and dies.
You enter the shallow water.
Moving in this stuff is going to be slow.
You enter the shallow water.
Moving in this stuff is going to be slow.
Found a ring of protection from cold.
Found a runed translucent door.
Found a quarterstaff.
No reachable target in view!
A boulder beetle comes into view.
The boulder beetle leaps!
The boulder beetle moves out of view.
No reachable target in view!
An orc comes into view. It is wielding a +0 hand axe.
The orc shouts!
You hear a shout!
The boulder beetle waves its antennae.
The boulder beetle curls into a ball and begins rolling!
An orc wizard comes into view. It is wielding a +0 dagger.
You see here a potion of might.
There are monsters nearby!
You slice the boulder beetle!! You headbutt the boulder beetle.
The boulder beetle is moderately wounded.
An orc comes into view. It is wielding a +0 club.
The boulder beetle hits you!!
The boulder beetle stops rolling and uncurls.
The boulder beetle bites you but does no damage.
You hit the boulder beetle.
You headbutt the boulder beetle, but do no damage.
The boulder beetle is moderately wounded.
You hit the boulder beetle.
The boulder beetle is heavily wounded.
You block the boulder beetle's attack.
You slash the boulder beetle! You headbutt the boulder beetle!
The boulder beetle is severely wounded.
You slash the orc!
You kill the orc!
Cheibriados appreciates the change of pace.
The boulder beetle bites you!
You hit the boulder beetle but do no damage.
The boulder beetle is severely wounded.
The boulder beetle leaps!
You closely miss the orc wizard. You headbutt the orc wizard.
The orc wizard is lightly wounded.
The orc wizard hits you but does no damage.
You slash the orc wizard!
You kill the orc wizard!
Cheibriados appreciates the change of pace.
The boulder beetle curls into a ball and begins rolling!
You hit the orc. Your headbutt misses the orc.
The orc is severely wounded.
You block the orc's attack.
You slice the orc!!
You kill the orc!
Cheibriados appreciates the change of pace.
You hit the boulder beetle but do no damage.
The boulder beetle is severely wounded.
The boulder beetle hits you!!!
* * * LOW HITPOINT WARNING * * *
The boulder beetle stops rolling and uncurls.
You are too injured to fight recklessly!
You are too injured to fight recklessly!
You are too injured to fight recklessly!
You are too injured to fight recklessly!
You are too injured to fight recklessly!
You are too injured to fight recklessly!
You are too injured to fight recklessly!
You are too injured to fight recklessly!
You are too injured to fight recklessly!
You are too injured to fight recklessly!
You are too injured to fight recklessly!
You are too injured to fight recklessly!
You hit the boulder beetle.
The boulder beetle is severely wounded.
The boulder beetle leaps!
Aiming: Fastroot
Press: ? - help, Shift-Dir - straight line, f - boulder beetle
Aim: a boulder beetle (severely wounded)
The roots erupt in riotous growth!
Roots grab the boulder beetle.
The grasping roots constrict the boulder beetle.
The boulder beetle curls into a ball and begins rolling!
The grasping roots constrict the boulder beetle.
The roots release their grip on the boulder beetle.
The boulder beetle completely misses you.
The boulder beetle stops rolling and uncurls.
The boulder beetle bites you.
* * * LOW HITPOINT WARNING * * *
You hit the boulder beetle.
The boulder beetle is severely wounded.
The boulder beetle bites you!
* * * LOW HITPOINT WARNING * * *
You completely miss the boulder beetle.
You headbutt the boulder beetle, but do no damage.
The boulder beetle is severely wounded.
The boulder beetle bites you!
You die...

.......###~~~~###........
.......# ###PP# #..######
.......# #### #..#
.......# #..#
.......##########..######
.........................
.........................
.........................
...............B@!....###
......................#WP
..................)...+=8
......................#.P
.♣....................###
♣♣♣♣....................
~~~♣~##########..........
~P~~~P♣ ...........
~~~~~~♣ ............


You could see a boulder beetle and Darold's ghost.

Vanquished Creatures
  Erica (D:8)
  Pikel (D:7)
  An orc knight (Bailey)
  Maggie (D:7)
  A shadow (D:9)
  A basilisk (D:8)
  A wyvern (D:7)
  2 steam dragons (D:9)
  Menkaure (D:5)
  3 water moccasins
  3 sky beasts
  A black bear (D:5)
  5 orc warriors (Bailey)
  An ogre (D:6)
  2 centaurs (D:8)
  A phantom (D:4)
  Blork the orc (D:6)
  4 bullfrogs
  3 scorpions
  4 wights (D:8)
  3 howler monkeys (D:8)
  4 electric eels (D:9)
  2 hounds (D:6)
  A gnoll bouda (D:7)
  Crazy Yiuf (D:7)
  A jelly (D:5)
  A sleepcap (D:6)
  Jessica (D:2)
  3 orc wizards
  8 gnolls
  2 adders
  A shadow imp (D:5)
  A white imp (D:6)
  A dart slug (D:4)
  A ribbon worm (D:5)
  22 orcs
  3 endoplasms (D:1)
  3 giant cockroaches
  8 goblins
  6 hobgoblins
  3 jackals (D:5)
  3 quokkas
  5 ball pythons
  4 bats
  2 frilled lizards
  8 kobolds
  6 rats
142 creatures vanquished.

Notes
Turn   | Place    | Note
-------+----------+-------------------------------------------
     0 | D:1      | Flugslaktarn the Minotaur Fighter began the quest for the
                  | Orb.
     0 | D:1      | Reached XP level 1. HP: 19/19 MP: 0/0
   257 | D:1      | Reached XP level 2. HP: 20/27 MP: 1/1
   683 | D:2      | Noticed Jessica
   688 | D:2      | Killed Jessica
   689 | D:2      | Reached XP level 3. HP: 17/34 MP: 2/2
   781 | D:2      | Found a faded altar of an unknown god.
  1395 | D:3      | Found a transporter.
  1398 | D:3      | Found a transporter.
  1454 | D:3      | Found Onuic's Jewellery Shop.
  1459 | D:3      | Found Pubiruq's Book Shop.
  1524 | D:3      | Found Matsodd's Antique Armour Emporium.
  1559 | D:3      | Found Hofyzal's Antique Weapon Boutique.
  1599 | D:3      | Found a transporter.
  1604 | D:3      | Found Saxafedgh's Book Shoppe.
  1734 | D:3      | Found a hide-covered altar of Uskayaw.
  1742 | D:3      | Reached XP level 4. HP: 41/41 MP: 3/3
  1903 | D:3      | Found a faded altar of an unknown god.
  1913 | D:3      | Found an iron altar of Okawaru.
  1990 | D:3      | Found a transporter.
  2118 | D:4      | Noticed a phantom
  2129 | D:4      | Killed a phantom
  2130 | D:4      | Reached skill level 5 in Fighting
  2130 | D:4      | Reached XP level 5. HP: 45/48 MP: 4/4
  2396 | D:4      | Identified the +8 flail of Earthquakes {pain, rN+ Will+
                  | Int+6}
  2441 | D:4      | Found a staircase to the Ecumenical Temple.
  2609 | Temple   | Entered the Ecumenical Temple
  2638 | Temple   | Became a worshipper of Cheibriados the Contemplative
  2683 | D:5      | Entered Level 5 of the Dungeon
  2799 | D:5      | Reached skill level 5 in Axes
  2806 | D:5      | Noticed a water moccasin
  2824 | D:5      | Killed a water moccasin
  2825 | D:5      | Reached skill level 5 in Armour
  2825 | D:5      | Reached skill level 1 in Invocations
  2825 | D:5      | Reached XP level 6. HP: 15/57 MP: 5/5
  2827 | D:5      | Gained mutation: You have hidden genetic defects. [potion
                  | of mutation]
  2827 | D:5      | Gained mutation: Your flesh is heat resistant. (rF+)
                  | [potion of mutation]
  2827 | D:5      | Gained mutation: You are partially covered in iridescent
                  | scales. (AC +2) [potion of mutation]
  2827 | D:5      | Gained mutation: Your spells are a little harder to cast,
                  | but a little more powerful. [potion of mutation]
  2891 | D:5      | Lost mutation: Your flesh is heat resistant. (rF+) [potion
                  | of mutation]
  2891 | D:5      | Lost mutation: Your spells are a little harder to cast, but
                  | a little more powerful. [potion of mutation]
  2891 | D:5      | Gained mutation: Your flesh is cold resistant. (rC+)
                  | [potion of mutation]
  3074 | D:5      | Gained mutation: You are occasionally teleported next to
                  | monsters. [hidden defects]
  3320 | D:5      | Reached XP level 7. HP: 64/64 MP: 7/7
  3325 | D:5      | Gained mutation: You sometimes lose your temper in combat.
                  | [hidden defects]
  3325 | D:5      | Lost mutation: You have hidden genetic defects. [hidden
                  | defects expressed]
  3396 | D:5      | Noticed Menkaure
  3402 | D:5      | Killed Menkaure
  3538 | D:5      | Found a shimmering altar of Xom.
  3695 | D:6      | Reached * piety under Cheibriados
  3703 | D:6      | Noticed Blork the orc
  3709 | D:6      | Killed Blork the orc
  3936 | D:6      | Reached XP level 8. HP: 69/73 MP: 8/8
  3964 | D:6      | Found Ecor's Magic Scroll Emporium.
  3985 | D:6      | Bought a scroll of enchant weapon for 82 gold pieces
  4219 | D:7      | Noticed Maggie
  4232 | D:7      | Killed Maggie
  4390 | D:7      | Found a runed translucent door.
  4391 | D:7      | Noticed Crazy Yiuf
  4397 | D:7      | Killed Crazy Yiuf
  4447 | D:7      | Identified the +7 hammer "Zitar" {flame, Str+3}
  4869 | D:7      | Noticed Pikel
  4878 | D:7      | Killed Pikel
  4878 | D:7      | Reached ** piety under Cheibriados
  4879 | D:7      | Reached XP level 9. HP: 84/84 MP: 9/11
  5180 | D:8      | Noticed Erica
  5187 | D:8      | Killed Erica
  5188 | D:8      | Reached skill level 10 in Fighting
  5303 | D:8      | Reached skill level 10 in Axes
  5303 | D:8      | Noticed Jeremiah
  5317 | D:8      | Reached skill level 5 in Invocations
  5325 | D:8      | HP: 4/86 [sky beast (5)]
  5368 | D:8      | Found a flagged portal.
  5385 | Bailey   | Entered a bailey
  5559 | Bailey   | Reached XP level 10. HP: 85/94 MP: 12/12
  5770 | Bailey   | Reached *** piety under Cheibriados
  5814 | Bailey   | Noticed an orc knight
  5827 | Bailey   | Killed an orc knight
  5828 | Bailey   | Reached skill level 1 in Dodging
  6060 | Bailey   | Acquired 765 gold pieces
  6973 | D:9      | Found a runed translucent door.
  6973 | D:9      | Noticed Darold's ghost (journeyman TrAl)
  6976 | D:9      | Noticed a boulder beetle
  6994 | D:9      | Mangled by a boulder beetle

Illustrated notes

Levels and vault maps discovered:
D:1:      minmay_arrival_five_plusses, layout_loops_cross,
          minmay_misc_feat_plants
D:2:      layout_loops_ring, chequers_ecumenical_altar_lobes, uniq_jessica
D:3:      gammafunk_wand_slinger, layout_loops_ring,
          nicolae_overflow_ecumenical_swirl, mainiacjoe_overflow_cross_hatched,
          serial_shops, nicolae_shop_hallway_stairs,
          nicolae_shop_tiny_real_fake_doors, nicolae_shop_trees,
          nicolae_shop_drivethru, shop, minivault_25,
          nicolae_twisty_statue_hallways
D:4:      layout_cave_pools, minmay_temple_entry_tees
D:5:      layout_loops_ring, kennysheep_mini, serial_bayou_pond_a,
          nicolae_zig_zag_zippers, uniq_menkaure
D:6:      layout_rooms, serial_shops, nicolae_shop_tiny_statue_garden,
          uniq_blork_the_orc
D:7:      layout_basic, uniq_maggie, uniq_pikel, uniq_crazy_yiuf_cottage
D:8:      layout_cave_pools, nicolae_overflow_hidden_temple, enter_bailey_5,
          uniq_erica, uniq_jeremiah
D:9:      layout_long_grid, serial_bayou, serial_bayou_ford_a,
          serial_bayou_shore_b, serial_bayou_pond_d, serial_bayou_lake_a,
          gammafunk_ghost_grave
Temple:   kb_temple_of_zot

Skill      XL: |  1  2  3  4  5  6  7  8  9 10 |
---------------+-------------------------------+-----
Fighting       | 4 5 6 7 9 10 11 | 11.7
Axes           | 3 4 5 6 7 9 10 11 | 11.1
Armour         | 4 5 7 8 |  8.4
Invocations    | 1 2 4 5 |  5.6
Dodging        | 1 |  1.9
Shields        | |  3.6

Action                     |  1- 3 |  4- 6 |  7- 9 | 10-12 || total
---------------------------+-------+-------+-------+-------++-------
  Melee: War axe           |    85 |    94 |   146 |    95 ||   420
         Headbutt          |    10 |    14 |    30 |    24 ||    78
  Evoke: Wand              |       |       |       |     1 ||     1
    Use: Scroll            |       |     4 |     6 |     2 ||    12
         Potion            |       |     6 |       |       ||     6
 Armour: Plate armour      |    81 |   102 |   167 |   101 ||   451
  Dodge: Dodged            |    21 |    27 |    57 |    34 ||   139
  Block: Buckler           |    23 |    16 |    35 |    27 ||   101

Table legend: (Time is in decaauts)
 A = Elapsed time spent in this place.
 B = Non-inter-level travel time spent in this place.
 C = Inter-level travel time spent in this place.
 D = Time resting spent in this place.
 E = Time spent auto-exploring this place.
 F = Levels seen in this place.
 G = Mean time per level.
                   A        B        C        D        E       F      G
               +--------+--------+--------+--------+--------+-----+--------+
         Total |   8301 |   7951 |    350 |    801 |   5873 |  11 |  754.6 |
       Dungeon |   7428 |   7143 |    285 |    620 |   5408 |   9 |  825.3 |
        Temple |     66 |      2 |     64 |      0 |      0 |   1 |   66.0 |
        Bailey |    807 |    807 |      0 |    181 |    465 |   1 |  807.0 |
               +--------+--------+--------+--------+--------+-----+--------+

Top non-repeatable levels by time:
     D:7: 1316 daAuts
     D:5: 1191 daAuts
     D:9: 1061 daAuts
     D:2: 828 daAuts
  Bailey: 807 daAuts
     D:6: 743 daAuts
     D:3: 681 daAuts
     D:1: 592 daAuts
     D:4: 567 daAuts
     D:8: 446 daAuts
  Temple: 66 daAuts
